 Dungeon Crawl Stone Soup version 0.28.0-1-gb440e238dd (webtiles) character file.

Game seed: 3183768098466943036

6 Zeldest the Shield-Bearer (level 1, 0/10 HPs)
             Began as a Vine Stalker Wanderer on Feb 24, 2022.
             Succumbed to an adder's poison
             ... on level 2 of the Dungeon.
             The game lasted 00:01:52 (319 turns).

Zeldest the Shield-Bearer (Vine Stalker Wanderer)    Turns: 319, Time: 00:01:53

Health: 0/10       AC:  6    Str: 13    XL:     1   Next: 90%
Magic:  2/3        EV: 11    Int: 13    God:
Gold:   84         SH:  6    Dex: 13    Spells: 1/2 levels left

rFire   . . .      SeeInvis .   (no weapon)
rCold   . . .      Faith    .   d - +2 buckler
rNeg    . . .      Spirit   +   c - +0 robe
rPois   .          Reflect  .   (no helmet)
rElec   .          Harm     .   (no cloak)
rCorr   .          Rampage  .   (no gloves)
Will    .....                   (no boots)
Stlth   +.........              (no amulet)
HPRegen 0.03/turn               a - +4 ring of protection
MPRegen 0.08/turn               (no ring)

@: brilliant, lethally poisoned (0 -> -2)
A: fangs 2, magic shield, antimagic bite, no potion heal 2
a: no special abilities


You were on level 2 of the Dungeon.
You visited 1 branch of the dungeon, and saw 2 of its levels.

You collected 84 gold pieces.

Inventory:

Missiles
 e - 3 javelins (quivered)
Armour
 c - a +0 robe (worn)
 d - a +2 buckler (worn)
Jewellery
 a - a +4 ring of protection (left hand)
Wands
 b - a wand of flame (7)
Scrolls
 g - a scroll of amnesia {unknown}


   Skills:
 + Level 1.1 Fighting
 - Level 1.0 Throwing
 - Level 1.0 Dodging
 + Level 1.9 Shields
 * Level 0.9 Unarmed Combat
 - Level 1.1 Spellcasting
 - Level 1.0 Hexes
 - Level 1.0 Invocations
 - Level 1.7 Evocations


You had one spell level left.
You knew the following spells:

 Your Spells              Type           Power      Damage    Failure   Level
a - Slow                  Hex            20%        N/A       24%         1

Your spell library contained the following spells:

 Spells                   Type           Power      Damage    Failure   Level
 Apportation              Tloc           2%         N/A       36%         1
 Portal Projectile        Hex/Tloc       6%         N/A       65%         3
 Alistair's Intoxication  Tmut/Pois      0%         N/A       100%        5


Dungeon Overview and Level Annotations

Branches:
Dungeon (2/15)

Altars:


Innate Abilities, Weirdness & Mutations

You have extremely sharp teeth.
When hurt, damage is shared between your health and your magic reserves.
Your bite disrupts and absorbs the magic of your enemies.
Potions cannot restore your health.


Message History

You throw a javelin. The javelin pierces through the adder.
The adder hisses angrily.
The adder is moderately wounded.
Throw: 5 javelins
Press: ? - help, Q - select action, (/) - cycle Shift-Dir - straight line, f/p - adder
Aim: an adder (moderately wounded, 35% to hit)
Okay, then.
Found a stone staircase leading down.
Throw: 5 javelins
Press: ? - help, Q - select action, (/) - cycle Shift-Dir - straight line, f/p - adder
Aim: an adder (moderately wounded, 35% to hit)
You throw a javelin. The javelin pierces through the adder.
The adder is heavily wounded.
You block the adder's attack.
You closely miss the adder.
The adder is heavily wounded.
The adder barely misses you. The adder closely misses you.
You miss the adder.
The adder is heavily wounded.
The adder misses you.
A goblin comes into view. It is wielding a +0 club.
You hit the adder but do no damage.
The adder is heavily wounded.
The adder bites you.
You are poisoned.
The adder poisons you! The adder barely misses you.
You hit the adder. You bite the adder. You drain its power.
The adder is almost dead.
You feel sick. The adder bites you.
* * * LOW HITPOINT WARNING * * *
Throw: 4 javelins
Press: ? - help, Q - select action, (/) - cycle Shift-Dir - straight line, f/p - adder
Aim: an adder (almost dead, 35% to hit)
You throw a javelin. The javelin barely misses the adder.
The javelin closely misses the goblin.
* * * LOW HITPOINT WARNING * * *
You feel sick. The adder barely misses you. The adder completely misses you.
It was a potion of brilliance.
You feel clever all of a sudden.
You die...

##.####.##########.#
# .[......# #.###.#
#..###### #.....#
♣≈≈♣# #.##### .♣≈P#
###.# ≈≈≈##
#...####### #≈.#
#######.>........
##.#
#.......#.######.
#.# #.#####@#.# #.#
#S#.# #.# .g#.# #.#
..##.# .# ... ...
.... #.# .>..( #.#
.####.


You could see an adder and a goblin.

Vanquished Creatures
  2 hobgoblins (D:1)
  A kobold (D:1)
  A quokka (D:1)
  A rat (D:1)
5 creatures vanquished.

Vanquished Creatures (others)
  A plant (D:1)
1 creature vanquished.

Grand Total: 6 creatures vanquished

Notes
Turn   | Place    | Note
-------+----------+-------------------------------------------
     0 | D:1      | Zeldest the Vine Stalker Wanderer began the quest for the
                  | Orb.
     0 | D:1      | Zeldest set off with the following items: a +0 club, a wand
                  | of flame (7), a +0 robe, a +2 buckler; and the following
                  | spell memorised: Slow; and the following spells available
                  | to memorise: Portal Projectile
     0 | D:1      | Reached XP level 1. HP: 10/10 MP: 3/3
   278 | D:2      | Identified the +0 robe of the Clam {Rampage rElec rF-
                  | rCorr}
   319 | D:2      | Succumbed to an adder's poison

Illustrated notes

Levels and vault maps discovered:
D:1:      nzn_arrival_settlement, layout_basic,
          dilly_ecumenical_altar_fadedgnrine, serial_bayou_ford_a
D:2:      layout_loops_ring, st_stairs_6, minmay_misc_feat_tower,
          serial_bayou_pond_d, minmay_misc_feat_encased, uniq_natasha

Action                   || total
-------------------------++-------
Melee: Unarmed           ||    32
       Bite              ||    14
Throw: Javelin           ||     3
  Use: Potion            ||     1
Armor: Robe              ||     8
Dodge: Dodged            ||    15
Block: Buckler           ||     8
